AAA
DES PLAINES GOLDEN HEROES @ BAKERSFIELD CANNONS
07/06/2060
 
TOP OF THE 1ST
Des Plaines Golden Heroes batting - Pitching for Bakersfield Cannons : LHP Tommy McGue
Pitching: LHP Tommy McGue
Batting: RHB Donovan Butler 0-0: Ball
1-0: Ball
2-0: Fly out, F8 (Flyball, 8RM, EV 77.5 MPH)
Batting: RHB Garick Ocasio 0-0: Ball
1-0: Called Strike
1-1: Ball
2-1: Called Strike
2-2: Ball
3-2: Ground out 6-3 (Groundball, 6, EV 78.1 MPH)
Batting: RHB Forest Cordova 0-0: Ball
1-0: Called Strike
1-1: Foul Ball, location: 2F
1-2: Strikes out swinging
Top of the 1st over - 0 runs, 0 hits, 0 errors, 0 left on base; Des Plaines 0 - Bakersfield 0
BOTTOM OF THE 1ST
Bakersfield Cannons batting - Pitching for Des Plaines Golden Heroes : LHP Jamal Johnson
Pitching: LHP Jamal Johnson
Batting: RHB Damon Squyres 0-0: Called Strike
0-1: Ball
1-1: Swinging Strike
1-2: Ball
2-2: Strikes out swinging
Batting: SHB Brady Hill 0-0: Called Strike
0-1: Ball
1-1: Ball
2-1: SINGLE (Groundball, 56D, EV 96.2 MPH)
Batting: RHB Shelton Gallegos 0-0: Foul Ball, location: 2F
0-1: Ball
1-1: Called Strike
1-2: Strikes out swinging
Batting: RHB Kaileb Romero 0-0: Ball
1-0: Ball
2-0: Fielders Choice at 2nd, 5-4 (Groundball, 5, EV 88.8 MPH)
Bottom of the 1st over - 0 runs, 1 hit, 0 errors, 1 left on base; Des Plaines 0 - Bakersfield 0
TOP OF THE 2ND
Des Plaines Golden Heroes batting - Pitching for Bakersfield Cannons : LHP Tommy McGue
Batting: RHB Dorsey Brewer 0-0: Ball
1-0: Ball
2-0: Ground out 3-1 (Groundball, 34, EV 98.8 MPH)
Batting: LHB Preston Haertel 0-0: Foul Ball, location: 2F
0-1: Swinging Strike
0-2: Strikes out swinging
Batting: RHB Ron Shotwell 0-0: Foul Ball, location: 2F
0-1: Ball
1-1: Ball
2-1: Foul Ball, location: 2F
2-2: Foul Ball, location: 2F
2-2: Strikes out swinging
Top of the 2nd over - 0 runs, 0 hits, 0 errors, 0 left on base; Des Plaines 0 - Bakersfield 0
BOTTOM OF THE 2ND
Bakersfield Cannons batting - Pitching for Des Plaines Golden Heroes : LHP Jamal Johnson
Batting: SHB Jaylin Godsey 0-0: Ball
1-0: Called Strike
1-1: Foul Ball, location: 2F
1-2: Strikes out swinging, 2-3 out at first.
Batting: RHB Nickolas Keyes 0-0: Called Strike
0-1: Foul Ball, location: 2F
0-2: Ball
1-2: Foul Ball, location: 2F
1-2: Ball
2-2: Foul Ball, location: 2F
2-2: Strikes out swinging
Batting: RHB Jake Christensen 0-0: Called Strike
0-1: Ball
1-1: Ball
2-1: Ground out 5-3 (Groundball, 56, EV 102.5 MPH)
Bottom of the 2nd over - 0 runs, 0 hits, 0 errors, 0 left on base; Des Plaines 0 - Bakersfield 0
TOP OF THE 3RD
Des Plaines Golden Heroes batting - Pitching for Bakersfield Cannons : LHP Tommy McGue
Batting: SHB Zach Mortazavi 0-0: Ground out 6-3 (Groundball, 6S, EV 81.2 MPH)
Batting: LHB Jedediah Hernandez 0-0: Ball
1-0: Foul Ball, location: 2F
1-1: Foul Ball, location: 2F
1-2: Strikes out swinging
Batting: RHB Seth Chelberg 0-0: Called Strike
0-1: Ball
1-1: Swinging Strike
1-2: Ball
2-2: Strikes out swinging
Top of the 3rd over - 0 runs, 0 hits, 0 errors, 0 left on base; Des Plaines 0 - Bakersfield 0
BOTTOM OF THE 3RD
Bakersfield Cannons batting - Pitching for Des Plaines Golden Heroes : LHP Jamal Johnson
Batting: RHB Zack Simmons 0-0: Called Strike
0-1: SINGLE (Groundball, 6S, EV 67.5 MPH) (infield hit)
Batting: RHB Langdon Bushey Pickoff Throw to First - Out! 1-3 CS
0-0: Ball
1-0: Foul Ball, location: 2F
1-1: Ball
2-1: SINGLE (Groundball, 6MD, EV 95.6 MPH)
Batting: RHB Damon Squyres 0-0: Swinging Strike
0-1: Swinging Strike
0-2: Ball
1-2: Ball
2-2: Ball
3-2: Base on Balls
Langdon Bushey to second
Batting: SHB Brady Hill 0-0: Ball
1-0: TRIPLE (Line Drive, 89XD, EV 107.5 MPH)
Langdon Bushey scores
Damon Squyres scores
Batting: RHB Shelton Gallegos 0-0: Swinging Strike
0-1: Ball
1-1: Foul Ball, location: 2F
1-2: Fly out, F9 (Flyball, 9LS, EV 76.2 MPH)
Batting: RHB Kaileb Romero 0-0: Foul Ball, location: 2F
0-1: Called Strike
0-2: Ball
1-2: Ball
2-2: Foul Ball, location: 2F
2-2: Ball
3-2: Base on Balls
Batting: SHB Jaylin Godsey 0-0: Ball
1-0: Ball
2-0: Called Strike
2-1: Ball
3-1: Foul Ball, location: 2F
3-2: Base on Balls
Kaileb Romero to second
Batting: RHB Nickolas Keyes 0-0: Ball
1-0: Ball
Wild Pitch!
Brady Hill scores
Kaileb Romero to third
Jaylin Godsey to second
2-0: Called Strike
2-1: Ball
3-1: Called Strike
3-2: Fly out, F7 (Flyball, 7, EV 88.1 MPH)
Bottom of the 3rd over - 3 runs, 3 hits, 0 errors, 2 left on base; Des Plaines 0 - Bakersfield 3
TOP OF THE 4TH
Des Plaines Golden Heroes batting - Pitching for Bakersfield Cannons : LHP Tommy McGue
Batting: RHB Donovan Butler 0-0: Called Strike
0-1: Foul Ball, location: 2F
0-2: Ball
1-2: Foul Ball, location: 2F
1-2: Fly out, F7 (Line Drive, 78S, EV 103.8 MPH)
Batting: RHB Garick Ocasio 0-0: Ball
1-0: Foul Ball, location: 2F
1-1: Fly out, F8 (Line Drive, 89XD, EV 110.0 MPH)
Batting: RHB Forest Cordova 0-0: Swinging Strike
0-1: Ball
1-1: Foul Ball, location: 2F
1-2: Foul Ball, location: 2F
1-2: Ball
2-2: Ball
3-2: Strikes out swinging
Top of the 4th over - 0 runs, 0 hits, 0 errors, 0 left on base; Des Plaines 0 - Bakersfield 3
BOTTOM OF THE 4TH
Bakersfield Cannons batting - Pitching for Des Plaines Golden Heroes : LHP Jamal Johnson
Batting: RHB Jake Christensen 0-0: Ball
1-0: Ball
2-0: Ball
3-0: Called Strike
3-1: Foul Ball, location: 2F
3-2: Strikes out looking
Batting: RHB Zack Simmons 0-0: Called Strike
0-1: Ball
1-1: Ball
2-1: Swinging Strike
2-2: Strikes out swinging
Batting: RHB Langdon Bushey 0-0: Foul Ball, location: 2F
0-1: Ball
1-1: Swinging Strike
1-2: Ball
2-2: Strikes out swinging
Bottom of the 4th over - 0 runs, 0 hits, 0 errors, 0 left on base; Des Plaines 0 - Bakersfield 3
TOP OF THE 5TH
Des Plaines Golden Heroes batting - Pitching for Bakersfield Cannons : LHP Tommy McGue
Batting: RHB Dorsey Brewer 0-0: Foul Ball, location: 2F
0-1: Called Strike
0-2: Ball
1-2: Strikes out looking
Batting: LHB Preston Haertel 0-0: Ball
1-0: Called Strike
1-1: Foul Ball, location: 2F
1-2: Strikes out swinging
Batting: RHB Ron Shotwell 0-0: Called Strike
0-1: Ground out 6-3 (Groundball, 56, EV 97.5 MPH)
Top of the 5th over - 0 runs, 0 hits, 0 errors, 0 left on base; Des Plaines 0 - Bakersfield 3
BOTTOM OF THE 5TH
Bakersfield Cannons batting - Pitching for Des Plaines Golden Heroes : LHP Jamal Johnson
Batting: RHB Damon Squyres 0-0: Ball
1-0: Ball
2-0: Called Strike
2-1: Foul Ball, location: 2F
2-2: DOUBLE (Line Drive, 5D, EV 107.5 MPH)
Batting: SHB Brady Hill 0-0: Called Strike
0-1: Fly out, F7 (Line Drive, 7, EV 89.4 MPH)
Pitching: RHP Mitchell Geerts
Batting: RHB Shelton Gallegos 0-0: Called Strike
0-1: Called Strike
0-2: Ball
1-2: Ball
2-2: Strikes out swinging
Batting: RHB Kaileb Romero 0-0: Fly out, F9 (Flyball, 89D, EV 103.1 MPH)
Bottom of the 5th over - 0 runs, 1 hit, 0 errors, 1 left on base; Des Plaines 0 - Bakersfield 3
TOP OF THE 6TH
Des Plaines Golden Heroes batting - Pitching for Bakersfield Cannons : LHP Tommy McGue
Batting: SHB Zach Mortazavi 0-0: Ground out U3 (Groundball, 13, EV 90.6 MPH)
Batting: LHB Jedediah Hernandez 0-0: Ball
1-0: Ball
2-0: Ground out 4-3 (Groundball, 4, EV 80.0 MPH)
Batting: RHB Seth Chelberg 0-0: Fly out, F8 (Flyball, 78XD, EV 96.9 MPH)
Top of the 6th over - 0 runs, 0 hits, 0 errors, 0 left on base; Des Plaines 0 - Bakersfield 3
BOTTOM OF THE 6TH
Bakersfield Cannons batting - Pitching for Des Plaines Golden Heroes : RHP Mitchell Geerts
Batting: SHB Jaylin Godsey 0-0: Called Strike
0-1: Ball
1-1: Foul Ball, location: 2F
1-2: SINGLE (Groundball, 34D, EV 106.2 MPH)
Batting: RHB Nickolas Keyes 0-0: Swinging Strike
0-1: Swinging Strike
0-2: Ball
1-2: TRIPLE (Line Drive, 9D, EV 91.9 MPH)
Jaylin Godsey scores
Batting: RHB Jake Christensen 0-0: Ball
1-0: Called Strike
1-1: SINGLE (Groundball, 56D, EV 96.9 MPH)
Nickolas Keyes scores
Batting: RHB Zack Simmons 0-0: Called Strike
0-1: Swinging Strike
0-2: Strikes out swinging
Batting: RHB Langdon Bushey 0-0: Ball
1-0: Foul Ball, location: 2F
1-1: Fly out, F5 (Popup, 25, EV 93.8 MPH)
Batting: RHB Damon Squyres 0-0: Called Strike
0-1: Ball
1-1: Foul Ball, location: 2F
1-2: Ball
2-2: Fly out, F8 (Flyball, 8LM, EV 91.9 MPH)
Bottom of the 6th over - 2 runs, 3 hits, 0 errors, 1 left on base; Des Plaines 0 - Bakersfield 5
TOP OF THE 7TH
Des Plaines Golden Heroes batting - Pitching for Bakersfield Cannons : LHP Tommy McGue
Batting: RHB Donovan Butler 0-0: Called Strike
0-1: Called Strike
0-2: Ball
1-2: Foul Ball, location: 2F
1-2: Foul Ball, location: 2F
1-2: Ball
2-2: Foul Ball, location: 2F
2-2: Foul Ball, location: 2F
2-2: SINGLE (Groundball, 6MD, EV 109.4 MPH)
Batting: RHB Garick Ocasio 0-0: Foul Ball, location: 2F
0-1: Ball
1-1: Called Strike
1-2: Ball
2-2: Fielders Choice at 2nd, 5-4 (Groundball, 56S, EV 83.8 MPH)
Batting: RHB Forest Cordova 0-0: Foul Ball, location: 2F
0-1: Fly out, F9 (Flyball, 9LM, EV 76.9 MPH)
Batting: RHB Dorsey Brewer 0-0: Called Strike
0-1: SINGLE (Line Drive, 78S, EV 94.4 MPH)
Garick Ocasio to second
Runner from 2nd tries for 3rd, SAFE, throw by CF made to third
Batting: LHB Preston Haertel 0-0: Called Strike
0-1: Called Strike
0-2: Strikes out looking
Top of the 7th over - 0 runs, 2 hits, 0 errors, 2 left on base; Des Plaines 0 - Bakersfield 5
BOTTOM OF THE 7TH
Bakersfield Cannons batting - Pitching for Des Plaines Golden Heroes : RHP Mitchell Geerts
Batting: SHB Brady Hill 0-0: Ball
1-0: Called Strike
1-1: Ball
2-1: Foul Ball, location: 2F
2-2: Ball
3-2: Fly out, F9 (Flyball, 9D, EV 105.6 MPH)
Batting: RHB Shelton Gallegos 0-0: Ball
1-0: SOLO HOME RUN (Flyball, 78XD, EV 115.0 MPH), Distance : 427 ft
Batting: RHB Kaileb Romero 0-0: Fly out, F9 (Flyball, 89M, EV 86.9 MPH)
Batting: SHB Jaylin Godsey 0-0: Called Strike
0-1: Called Strike
0-2: Ball
1-2: Foul Ball, location: 2F
1-2: Foul Ball, location: 2F
1-2: Strikes out swinging
Bottom of the 7th over - 1 run, 1 hit, 0 errors, 0 left on base; Des Plaines 0 - Bakersfield 6
TOP OF THE 8TH
Des Plaines Golden Heroes batting - Pitching for Bakersfield Cannons : LHP Tommy McGue
Batting: RHB Ron Shotwell 0-0: Called Strike
0-1: Ball
1-1: Ground out 6-3 (Groundball, 6, EV 83.8 MPH)
Batting: SHB Zach Mortazavi 0-0: Foul Ball, location: 2F
0-1: Foul Ball, location: 2F
0-2: Ball
1-2: Strikes out looking
Batting: LHB Jedediah Hernandez 0-0: Ball
1-0: Fly out, F8 (Line Drive, 8RM, EV 93.1 MPH)
Top of the 8th over - 0 runs, 0 hits, 0 errors, 0 left on base; Des Plaines 0 - Bakersfield 6
BOTTOM OF THE 8TH
Bakersfield Cannons batting - Pitching for Des Plaines Golden Heroes : RHP Mitchell Geerts
Batting: RHB Nickolas Keyes 0-0: Ground out 4-3 (Groundball, 4MS, EV 88.8 MPH)
Pitching: RHP Chase Arthur
Batting: RHB Jake Christensen 0-0: Ball
1-0: Called Strike
1-1: Ball
2-1: Ball
3-1: Base on Balls
Batting: RHB Zack Simmons 0-0: Ball
1-0: Swinging Strike
1-1: Ball
2-1: Ball
3-1: Fielders Choice at 2nd, 3-6 (Groundball, 3S, EV 85.0 MPH)
Batting: RHB Langdon Bushey 0-0: Ball
Zack Simmons steals 2nd base
1-0: Ball
2-0: Ball
3-0: Base on Balls
Batting: RHB Damon Squyres 0-0: Ball
1-0: Ball
2-0: Called Strike
2-1: Foul Ball, location: 2F
2-2: Ball
3-2: Foul Ball, location: 2F
3-2: Foul Ball, location: 2F
3-2: Ground out 5-3 (Groundball, 56, EV 88.1 MPH)
Bottom of the 8th over - 0 runs, 0 hits, 0 errors, 2 left on base; Des Plaines 0 - Bakersfield 6
TOP OF THE 9TH
Des Plaines Golden Heroes batting - Pitching for Bakersfield Cannons : LHP Tommy McGue
Batting: RHB Seth Chelberg 0-0: Called Strike
0-1: Ball
1-1: Foul Ball, location: 2F
1-2: Strikes out looking
Batting: RHB Donovan Butler 0-0: Ball
1-0: Swinging Strike
1-1: Called Strike
1-2: Ball
2-2: Ground out 3-1 (Groundball, 34, EV 103.1 MPH)
Batting: RHB Garick Ocasio 0-0: Called Strike
0-1: Ball
1-1: Foul Ball, location: 2F
1-2: Strikes out swinging
Top of the 9th over - 0 runs, 0 hits, 0 errors, 0 left on base; Des Plaines 0 - Bakersfield 6
Wednesday, May 15th , 2024 - OOTP Baseball 23.10 Build 110